[Event "*** SCC Grand Prix: Titled Tuesday Blitz"]
[Site "Chess.com"]
[Date "2020.07.14"]
[Round "8"]
[White "Nayemhaque22"]
[Black "Barmen_EV"]
[Result "0-1"]
[WhiteElo "2230"]
[BlackElo "2440"]
[TimeControl "180+1"]
[EndTime "11:33:11 PDT"]
[Termination "Barmen_EV won by resignation"]

1. e4 c5 2. Nf3 Nc6 3. Bb5 e6 4. O-O Nge7 5. Re1 Ng6 6. c3 d5 7. exd5 Qxd5 8. d4 cxd4 9. Nxd4 Bd7 10. Bxc6 bxc6 11. Nd2 c5 12. N4f3 Bc6 13. Qb3 Qh5 14. c4 Bd6 15. Ne4 Bc7 16. Ng3 Bxg3 17. hxg3 O-O 18.
Be3 Bxf3 19. gxf3 Ne5 20. Bxc5 Nxf3+ 21. Kf1 Nd2+ 22. Kg2 Nxb3 0-1

[Event "*** SCC Grand Prix: Titled Tuesday Blitz"]
[Site "Chess.com"]
[Date "2020.07.14"]
[Round "8"]
[White "tan275"]
[Black "Michaelson_11"]
[Result "0-1"]
[WhiteElo "2252"]
[BlackElo "2128"]
[TimeControl "180+1"]
[EndTime "11:33:13 PDT"]
[Termination "Michaelson_11 won by resignation"]

1. d4 Nf6 2. c4 g6 3. g3 Bg7 4. Bg2 d6 5. Nc3 O-O 6. Nf3 c6 7. O-O Qb6 8. c5 dxc5 9. Na4 Qb5 10. Nxc5 Na6 11. a4 Qb6 12. a5 Qb5 13. Nxa6 Qxa6 14. Ne5 Be6 15. Qc2 Rfd8 16. Be3 Bd5 17. Rfd1 Bxg2 18. Kxg2 Nd5 19. Qb3 Qxe2 20. Rd3 Bxe5 21. dxe5 Nf4+ 22. Bxf4 Rxd3 23. Qxb7 Qf3+ 24. Kg1 Rad8 0-1

[Event "*** SCC Grand Prix: Titled Tuesday Blitz"]
[Site "Chess.com"]
[Date "2020.07.14"]
[Round "8"]
[White "GuuBol"]
[Black "MFguimaraes"]
[Result "0-1"]
[WhiteElo "2241"]
[BlackElo "2390"]
[TimeControl "180+1"]
[EndTime "11:33:17 PDT"]
[Termination "MFguimaraes won by resignation"]

1. e4 e5 2. Nc3 Nf6 3. Bc4 Nxe4 4. Qh5 Nd6 5. Qxe5+ Qe7 6. Qxe7+ Bxe7 7. Bb3 b6 8.
Nd5 Bd8 9. Nf3 Bb7 10. O-O c6 11. Ne3 O-O 12. c3 c5 13. d4 Bxf3 14. gxf3 cxd4 15.
cxd4 Nc6 16. Rd1 Rc8 17. Kg2 Re8 18. a3 Bf6 19. Nc2 Na5 20. Bf4 Nxb3 21. Bxd6 Rxc2 0-1

[Event "*** SCC Grand Prix: Titled Tuesday Blitz"]
[Site "Chess.com"]
[Date "2020.07.14"]
[Round "8"]
[White "nrvisakh"]
[Black "Ranindu2003"]
[Result "1-0"]
[WhiteElo "2781"]
[BlackElo "2611"]
[TimeControl "180+1"]
[EndTime "11:33:27 PDT"]
[Termination "nrvisakh won by resignation"]

1. e4 c5 2. Nf3 d6 3. Bb5+ Nd7 4.
O-O a6 5. Bxd7+ Bxd7 6. d4 cxd4 7. Qxd4 e5 8. Qd3 h6 9. c4 Nf6 10. Nc3 Be7 11. Rd1 O-O 12. c5 dxc5 13. Nxe5 Bg4 14.
Nxg4 Nxg4 15. Qg3 Qc8 16. Nd5 Bd8 17. h3 Nf6 18. Bxh6 Nh5 19. Qf3 Nf6 20. Bf4 Nxd5 21. Rxd5 b6 22. Rad1 Be7 23. Rd7 Re8 24.
e5 c4 25. Bg5 1-0

[Event "*** SCC Grand Prix: Titled Tuesday Blitz"]
[Site "Chess.com"]
[Date "2020.07.14"]
[Round "8"]
[White "Olga_Zhuravleva"]
[Black "GAusal"]
[Result "1-0"]
[WhiteElo "2311"]
[BlackElo "2069"]
[TimeControl "180+1"]
[EndTime "11:33:27 PDT"]
[Termination "Olga_Zhuravleva won by resignation"]

1. e4 c5 2. Nf3 d6 3. d4 cxd4 4. Nxd4 Nc6 5. Nc3 g6 6. Nb3 Bg7 7. Be2 Nf6 8. O-O O-O 9. Re1 Bd7 10. Bf1 Rc8 11. Bg5 Ne5 12. Nd5 Nxd5 13. exd5 Nc4 14.
Bxe7 Qb6 15. Bxf8 Bxf8 16. Rb1 a5 17. c3 a4 18. Nd4 Ne5 19. h3 a3 20. bxa3 Qc5 21.
f4 Nc4 22. Rxb7 Be8 23. Bxc4 Qxc4 24. Qb3 Qd3 25. Nc6 Bxc6 26. dxc6 Rxc6 27. Qxf7+ 1-0

[Event "*** SCC Grand Prix: Titled Tuesday Blitz"]
[Site "Chess.com"]
[Date "2020.07.14"]
[Round "8"]
[White "MustafayevFarid2004"]
[Black "WildTricks"]
[Result "1-0"]
[WhiteElo "2381"]
[BlackElo "2505"]
[TimeControl "180+1"]
[EndTime "11:33:29 PDT"]
[Termination "MustafayevFarid2004 won by resignation"]

1. d4 Nf6 2. c4 e6 3. Nc3 Bb4 4.
e3 c5 5. Bd3 O-O 6. Ne2 cxd4 7.
exd4 d5 8. cxd5 Qxd5 9. O-O Qd8 10. Bg5 Be7 11. Rc1 Nc6 12. Bb1 b6 13. Bxf6 Bxf6 14. d5 Ne5 15. Be4 Rb8 16. Nd4 Nc4 17. Nc6 Qd6 18. Nb5 Qb4 19. Nxb4 1-0

[Event "*** SCC Grand Prix: Titled Tuesday Blitz"]
[Site "Chess.com"]
[Date "2020.07.14"]
[Round "8"]
[White "RodinMihail"]
[Black "jacky72"]
[Result "1-0"]
[WhiteElo "2481"]
[BlackElo "2637"]
[TimeControl "180+1"]
[EndTime "11:33:38 PDT"]
[Termination "RodinMihail won by resignation"]

1. e4 e5 2. Nf3 Nc6 3. Nc3 Nf6 4.
d4 exd4 5. Nxd4 Bb4 6. Nxc6 bxc6 7. Bd3 d5 8. exd5 O-O 9. O-O cxd5 10. Bg5 c6 11. Qf3 Bd6 12. h3 Rb8 13. b3 Be5 14. Bf4 Bxc3 15. Bxb8 Bxa1 16. Rxa1 Bg4 17. hxg4 Qxb8 18. Re1 Re8 19. Rxe8+ Qxe8 20. g5 Nd7 21. Qf4 g6 22. g3 Qe5 23. Qxe5 Nxe5 24. Be2 d4 25. f4 Nd7 26. Kf2 Kf8 27. Ke1 Ke7 28. Kd2 Kd6 29. Bc4 f6 30. Kd3 fxg5 31. fxg5 Ne5+ 32. Kxd4 Nf3+ 33. Ke3 Nxg5 34. Kf4 h6 35. b4 c5 36. b5 Ne6+ 37. Bxe6 Kxe6 38. c4 Kf6 39. a4 Ke6 40. a5 Kd6 41. Ke4 Kc7 42.
Ke5 g5 43. Kf5 Kd6 44. g4 h5 45. gxh5 g4 46. Kxg4 1-0

[Event "*** SCC Grand Prix: Titled Tuesday Blitz"]
[Site "Chess.com"]
[Date "2020.07.14"]
[Round "8"]
[White "romulocardoso"]
[Black "Tekushka"]
[Result "0-1"]
[WhiteElo "2115"]
[BlackElo "2358"]
[TimeControl "180+1"]
[EndTime "11:33:40 PDT"]
[Termination "Tekushka won by resignation"]

1. e4 c5 2. Nf3 Nc6 3. d4 cxd4 4.
Nxd4 e6 5. Nc3 d6 6. Be2 Nf6 7. O-O Be7 8. f4 O-O 9. Bf3 Bd7 10. Kh1 Nxd4 11. Qxd4 Bc6 12. g4 b5 13. g5 Nd7 14.
Bg2 e5 15. Qd3 exf4 16. Bxf4 Ne5 17. Qg3 b4 18. Nd5 Bxd5 19. exd5 Ng6 20. Be3 Rc8 21.
Be4 Rc4 22. Bd3 Rc7 23. h4 Ne5 24. Be4 Rc4 25. Rf4 Qc7 26. Raf1 Ng6 27. R4f3 Rxe4 0-1

[Event "*** SCC Grand Prix: Titled Tuesday Blitz"]
[Site "Chess.com"]
[Date "2020.07.14"]
[Round "8"]
[White "bratkoo"]
[Black "kassablanca"]
[Result "1-0"]
[WhiteElo "2481"]
[BlackElo "2607"]
[TimeControl "180+1"]
[EndTime "11:33:50 PDT"]
[Termination "bratkoo won by resignation"]

1. e4 e6 2. d4 d5 3. Nc3 Nf6 4. e5 Nfd7 5. f4 c5 6. Nf3 Nc6 7. Be3 a6 8. Qd2 b5 9. Nd1 Bb7 10. Nf2 c4 11. g4 h5 12. h3 hxg4 13. hxg4 Rxh1 14. Nxh1 Nb6 15. a3 a5 16. Be2 b4 17.
axb4 axb4 18. Rxa8 Qxa8 19. f5 Qa1+ 20. Qc1 Qxc1+ 21.
Bxc1 Na4 22. Ng3 Bc8 23. Bd1 Bd7 24. c3 Na5 25. Bxa4 Bxa4 26. cxb4 Nb3 27. Bd2 Nxd2 28. Kxd2 Bxb4+ 29. Ke3 Bc2 30. Ng5 Ke7 31. fxe6 fxe6 32. Nh5 g6 33. Nf4 Kd7 34. Ngxe6 Kc6 35. Nd8+ Kd7 36.
Nxd5 Be7 37. Nxe7 Kxe7 38. Nc6+ Ke6 39. d5+ Kd7 40. Kd4 1-0

[Event "*** SCC Grand Prix: Titled Tuesday Blitz"]
[Site "Chess.com"]
[Date "2020.07.14"]
[Round "8"]
[White "chesslh19"]
[Black "QueenOfTactics90"]
[Result "1-0"]
[WhiteElo "2139"]
[BlackElo "1998"]
[TimeControl "180+1"]
[EndTime "11:33:55 PDT"]
[Termination "chesslh19 won by resignation"]

1. e4 c5 2. Nf3 Nc6 3. d4 cxd4 4.
Nxd4 g6 5. Nc3 Bg7 6. Be3 Nf6 7. Bc4 O-O 8. Bb3 a5 9. a4 d6 10.
f3 Nb4 11. Qd2 d5 12. e5 Ne8 13. Bh6 Qc7 14. Bxg7 Kxg7 15. f4 f6 16. Nf3 Be6 17.
O-O-O Rd8 18. Nd4 Bg4 19. Rde1 fxe5 20. fxe5 Qc6 21. h3 Qd7 22. hxg4 Qxg4 23. Qh6+ 1-0

[Event "*** SCC Grand Prix: Titled Tuesday Blitz"]
[Site "Chess.com"]
[Date "2020.07.14"]
[Round "8"]
[White "Witik"]
[Black "ClassyEl"]
[Result "1-0"]
[WhiteElo "2676"]
[BlackElo "2538"]
[TimeControl "180+1"]
[EndTime "11:33:58 PDT"]
[Termination "Witik won by resignation"]

1. d4 Nf6 2. Bf4 d5 3. e3 c5 4. c3 Qb6 5. Qb3 c4 6. Qc2 g6 7. b3 Bf5 8. Qd1 cxb3 9. axb3 Nc6 10. Nf3 Bg4 11. Be2 e6 12. O-O Be7 13. c4 O-O 14.
Nc3 Bxf3 15. Bxf3 dxc4 16. bxc4 Qb4 17. Qd3 e5 18. dxe5 Rad8 19. Nd5 Nxd5 20. cxd5 Qb2 21.
Qb1 Qxb1 22. Rfxb1 Nb4 23. d6 1-0

[Event "*** SCC Grand Prix: Titled Tuesday Blitz"]
[Site "Chess.com"]
[Date "2020.07.14"]
[Round "8"]
[White "binbin239"]
[Black "Irishchessman16"]
[Result "0-1"]
[WhiteElo "2522"]
[BlackElo "2411"]
[TimeControl "180+1"]
[EndTime "11:34:05 PDT"]
[Termination "Irishchessman16 won by resignation"]

1. d4 d5 2. c4 c6 3. Nf3 Nf6 4. Qc2 g6 5. g3 Bg7 6. Bg2 O-O 7. O-O dxc4 8. Qxc4 Bf5 9. Nc3 Ne4 10. Nh4 b5 11. Qb3 Nxc3 12. bxc3 Be6 13. Qc2 Bd5 14. e4 Bc4 15. Rd1 Nd7 16. Nf3 Qa5 17. a4 Nb6 18. Ba3 Nxa4 19. Bxe7 Qxc3 20. Qb1 Rfe8 21. Bd6 Qb3 22.
Ne5 Qxb1 23. Rdxb1 Bxe5 24. Bxe5 Nc3 25. Rb2 a5 26. Bc7 Ne2+ 27. Kh1 Nxd4 28. Bxa5 Nb3 29. Rxb3 Bxb3 30. e5 Bd5 31. Bxd5 cxd5 32. f4 Ra6 33. Bc3 Rxa1+ 34. Bxa1 Ra8 35. Bd4 b4 0-1

[Event "*** SCC Grand Prix: Titled Tuesday Blitz"]
[Site "Chess.com"]
[Date "2020.07.14"]
[Round "8"]
[White "FairChess_on_YouTube"]
[Black "Biranidun"]
[Result "1-0"]
[WhiteElo "3005"]
[BlackElo "2874"]
[TimeControl "180+1"]
[EndTime "11:34:06 PDT"]
[Termination "FairChess_on_YouTube won by resignation"]

1. e4 c5 2. Nc3 d6 3. Nge2 Nf6 4.
g3 Nc6 5. Bg2 g6 6. O-O Bg7 7.
d3 O-O 8. h3 Rb8 9. a4 a6 10.
f4 Bd7 11. Be3 b5 12. axb5 axb5 13. Qd2 b4 14. Nd1 Qc7 15. g4 Ra8 16. Nf2 Rxa1 17. Rxa1 h5 18. f5 hxg4 19. hxg4 Ne5 20. Bh6 Nfxg4 21.
Nxg4 Nxg4 22. Bxg7 Kxg7 23. Qg5 Nf6 24. fxg6 fxg6 25. Nf4 Rg8 26. Qxg6+ Kf8 27. Ra8+ Ne8 28. Rxe8+ 1-0

[Event "*** SCC Grand Prix: Titled Tuesday Blitz"]
[Site "Chess.com"]
[Date "2020.07.14"]
[Round "8"]
[White "GM_LOADING"]
[Black "Savva09022009"]
[Result "1-0"]
[WhiteElo "2581"]
[BlackElo "2445"]
[TimeControl "180+1"]
[EndTime "11:34:07 PDT"]
[Termination "GM_LOADING won by resignation"]

1. e4 c5 2. Nf3 Nc6 3. d4 cxd4 4.
Nxd4 Nf6 5. Nc3 d6 6. Bg5 e6 7. Qd3 Be7 8. O-O-O O-O 9. h4 a6 10. Be2 Ne5 11. Qg3 b5 12. f4 Nc4 13. Bxc4 bxc4 14. Nc6 Qc7 15. Nxe7+ Qxe7 16. e5 dxe5 17. fxe5 Nh5 18.
Qf3 f6 19. exf6 gxf6 20. Bh6 Rb8 21. Bxf8 Qb7 22. Qxb7 1-0

[Event "*** SCC Grand Prix: Titled Tuesday Blitz"]
[Site "Chess.com"]
[Date "2020.07.14"]
[Round "8"]
[White "AsaHoffmann"]
[Black "SzMM19"]
[Result "1/2-1/2"]
[WhiteElo "2406"]
[BlackElo "2555"]
[TimeControl "180+1"]
[EndTime "11:34:10 PDT"]
[Termination "Game drawn by repetition"]

1. d4 Nf6 2. Bg5 d5 3. Nd2 c5 4. e3 Nc6 5. c3 e6 6. f4 Bd6 7. Ngf3 O-O 8. Bd3 h6 9. Bh4 b6 10. O-O Bb7 11. Ne5 Be7 12. Qf3 Nd7 13. Bxe7 Nxe7 14.
Qh3 f5 15. g4 Nxe5 16. fxe5 fxg4 17. Qxg4 Qd7 18. Rxf8+ Rxf8 19. Rf1 Rxf1+ 20. Kxf1 Nf5 21. Bxf5 exf5 22. Qg6 Qb5+ 23. c4 Qxb2 24. e6 Qxd2 25. e7 Qd1+ 26. Kf2 Qd2+ 27. Kf1 Qd1+ 28. Kf2 Qd2+ 29.
Kf1 1/2-1/2

[Event "*** SCC Grand Prix: Titled Tuesday Blitz"]
[Site "Chess.com"]
[Date "2020.07.14"]
[Round "8"]
[White "Forantes"]
[Black "Oglob71"]
[Result "0-1"]
[WhiteElo "2372"]
[BlackElo "2531"]
[TimeControl "180+1"]
[EndTime "11:34:11 PDT"]
[Termination "Oglob71 won by resignation"]

1. Nf3 Nf6 2. g3 c5 3. Bg2 Nc6 4. d4 cxd4 5. Nxd4 Qb6 6. Nb3 d5 7. O-O e6 8. Nc3 Be7 9. e4 d4 10. e5 dxc3 11. exf6 Bxf6 12. bxc3 O-O 13. Be3 Qc7 14.
Nd4 Ne5 15. Nb5 Qa5 16. Rb1 Rd8 17. Qe2 a6 18. Nd4 Qxc3 19. Rb3 Qc7 20. Rfb1 Rb8 21.
Bf4 Rxd4 0-1

[Event "*** SCC Grand Prix: Titled Tuesday Blitz"]
[Site "Chess.com"]
[Date "2020.07.14"]
[Round "8"]
[White "dpopadic"]
[Black "isainz"]
[Result "1-0"]
[WhiteElo "2315"]
[BlackElo "2142"]
[TimeControl "180+1"]
[EndTime "11:34:11 PDT"]
[Termination "dpopadic won by resignation"]

1. e4 c5 2. Nc3 Nc6 3. f4 e6 4. Nf3 Nge7 5. Bb5 a6 6. Bxc6 Nxc6 7. d3 Be7 8. O-O O-O 9. Bd2 d5 10. Kh1 d4 11. Ne2 b5 12. Ng3 Bb7 13. Qe2 Qc7 14. e5 c4 15. Ne4 f5 16. exf6 Bxf6 17.
dxc4 e5 18. cxb5 axb5 19. fxe5 Bxe5 20. Qxb5 Bf4 21. Nc5 Bxd2 22. Nxd2 Rxf1+ 23. Rxf1 Ra5 24. Qxb7 1-0

[Event "*** SCC Grand Prix: Titled Tuesday Blitz"]
[Site "Chess.com"]
[Date "2020.07.14"]
[Round "8"]
[White "Igor_Lysyj"]
[Black "JosefineHeinemann"]
[Result "1-0"]
[WhiteElo "2808"]
[BlackElo "2643"]
[TimeControl "180+1"]
[EndTime "11:34:13 PDT"]
[Termination "Igor_Lysyj won by resignation"]

1. d4 Nf6 2. c4 g6 3. Nc3 d5 4.
cxd5 Nxd5 5. e4 Nxc3 6. bxc3 c5 7. Bg5 Bg7 8. Rc1 O-O 9. Nf3 Nd7 10. Bd3 Re8 11.
O-O h6 12. Be3 b6 13. h3 e5 14. Qd2 Kh7 15. d5 Nf8 16. Bb5 Bd7 17. Bxd7 Qxd7 18. c4 f5 19. Qc2 f4 20. Bd2 g5 21. Bc3 Ng6 22. Qd3 Rg8 23. Nh2 h5 24. Qf3 Kh6 25.
g3 Bf6 26. g4 Nh4 27. Qd3 f3 28. Kh1 Raf8 29. Rg1 Bh8 30. Rg3 Rf4 31. Rcg1 hxg4 32. Nxg4+ Rxg4 33. Rxg4 Rg6 34. Bd2 Bf6 35. Rxh4+ 1-0

[Event "*** SCC Grand Prix: Titled Tuesday Blitz"]
[Site "Chess.com"]
[Date "2020.07.14"]
[Round "8"]
[White "Meri-Arabidze"]
[Black "Orest_Vovk"]
[Result "1-0"]
[WhiteElo "2560"]
[BlackElo "2437"]
[TimeControl "180+1"]
[EndTime "11:34:15 PDT"]
[Termination "Meri-Arabidze won on time"]

1. d4 h6 2. c4 g5 3. g3 Bg7 4. Bg2 c5 5. e3 Nc6 6. Ne2 Qb6 7. Nbc3 e6 8. Na4 Qb4+ 9. Bd2 Qxc4 10. Nxc5 b6 11.
Ne4 Bf8 12. O-O Ba6 13. Re1 d5 14. Rc1 Qb5 15. a4 Qxb2 16. Rxc6 dxe4 17. Bxe4 Rd8 18.
Bc3 Qa3 19. d5 exd5 20. Bxh8 dxe4 21. Qc1 Qxc1 22. Nxc1 Bb4 23. Bc3 Ne7 24. Rc7 Nd5 25. Bxb4 1-0

[Event "*** SCC Grand Prix: Titled Tuesday Blitz"]
[Site "Chess.com"]
[Date "2020.07.14"]
[Round "8"]
[White "DinaBelenkaya"]
[Black "rugbyclub"]
[Result "1-0"]
[WhiteElo "2265"]
[BlackElo "2109"]
[TimeControl "180+1"]
[EndTime "11:34:15 PDT"]
[Termination "DinaBelenkaya won by checkmate"]

1. e4 e5 2. Nf3 Nc6 3. d4 exd4 4. Nxd4 Nf6 5. Nxc6 bxc6 6. Bd3 d5 7. exd5 cxd5 8. O-O Be7 9. c4 dxc4 10. Bxc4 O-O 11. Nc3 c6 12. Bg5 h6 13. Bh4 Qb6 14. Qc2 Bg4 15.
Rfe1 Bb4 16. Bxf6 gxf6 17. Ne4 Kg7 18. Ng3 Bxe1 19. Rxe1 Rfe8 20. Rc1 Re5 21. h3 Bd7 22. Qd1 Rae8 23. Nh5+ Kf8 24. Qxd7 Re1+ 25. Rxe1 Rxe1+ 26. Kh2 Qb8+ 27. g3 Qe8 28. Qg4 Qe5 29. Qg7+ Ke8 30. Qxf7+ Kd8 31. Nxf6 Rc1 32. Qd7# 1-0

[Event "*** SCC Grand Prix: Titled Tuesday Blitz"]
[Site "Chess.com"]
[Date "2020.07.14"]
[Round "8"]
[White "DonBroca"]
[Black "Klavdia_Nik"]
[Result "0-1"]
[WhiteElo "2105"]
[BlackElo "2063"]
[TimeControl "180+1"]
[EndTime "11:34:15 PDT"]
[Termination "Klavdia_Nik won by resignation"]

1. e4 c5 2. Nf3 d6 3. d4 cxd4 4. Nxd4 Nf6 5. Nc3 a6 6. Bg5 e6 7. f4 Be7 8. Qf3 Qc7 9. O-O-O Nbd7 10. Be2 Nc5 11. Rhe1 Rb8 12. e5 dxe5 13. fxe5 Nd5 14. Bxe7 Nxe7 15. Bf1 O-O 16. g4 b5 17. g5 Bb7 18.
Qg3 b4 19. Ne4 Nxe4 0-1

[Event "*** SCC Grand Prix: Titled Tuesday Blitz"]
[Site "Chess.com"]
[Date "2020.07.14"]
[Round "8"]
[White "Ashedu66"]
[Black "random_mango"]
[Result "0-1"]
[WhiteElo "2194"]
[BlackElo "2364"]
[TimeControl "180+1"]
[EndTime "11:34:23 PDT"]
[Termination "random_mango won by resignation"]

1. d4 d5 2. c4 c6 3. Nf3 Nf6 4. Nc3 a6 5. cxd5 cxd5 6. Bf4 Nc6 7. e3 Bf5 8. Rc1 e6 9. Qb3 Bd6 10. Ne5 O-O 11. Qxb7 Na5 12. Nc6 Nxb7 13. Nxd8 Rfxd8 14. Bg5 Rac8 15. Bxa6 Rc7 16. O-O Rdc8 17. Bxf6 gxf6 18.
f3 Bb4 19. Bxb7 Rxb7 20. Na4 Rbc7 21. Rxc7 Rxc7 22. g4 Bd3 23. Rd1 Bc2 24. Rc1 Bd2 25. Rf1 Bxa4 0-1

[Event "*** SCC Grand Prix: Titled Tuesday Blitz"]
[Site "Chess.com"]
[Date "2020.07.14"]
[Round "8"]
[White "djano"]
[Black "swayamsm"]
[Result "0-1"]
[WhiteElo "2464"]
[BlackElo "2607"]
[TimeControl "180+1"]
[EndTime "11:34:24 PDT"]
[Termination "swayamsm won by resignation"]

1. d4 e6 2. Bf4 b6 3. e3 Bb7 4. Nf3 f5 5. h3 Nf6 6. Be2 Be7 7. c4 O-O 8. Nc3 Ne4 9. Qc2 Nxc3 10. Qxc3 a5 11. O-O d6 12. c5 dxc5 13. Rfd1 Bd5 14. dxc5 Bxc5 15. Bc4 c6 16. Ng5 Qe7 17. Bxd5 cxd5 18.
Qe5 Re8 19. a3 Nc6 20. Qc3 e5 21. Rxd5 exf4 22. exf4 h6 23. Rxc5 bxc5 24. Qc4+ Kh8 25. Nf7+ Kh7 0-1

[Event "*** SCC Grand Prix: Titled Tuesday Blitz"]
[Site "Chess.com"]
[Date "2020.07.14"]
[Round "8"]
[White "Gabrielian_Artur"]
[Black "Rodalquilar"]
[Result "1-0"]
[WhiteElo "2806"]
[BlackElo "2639"]
[TimeControl "180+1"]
[EndTime "11:34:25 PDT"]
[Termination "Gabrielian_Artur won by checkmate"]

1. e4 d5 2. exd5 Qxd5 3. Nc3 Qa5 4. d4 Nf6 5. Nf3 Bf5 6. Bd2 e6 7. Bc4 Bb4 8. Qe2 O-O 9. Bb3 Nc6 10. O-O-O Rad8 11. Qc4 Be4 12. Nxe4 Nxe4 13. Be3 Rd6 14. d5 exd5 15.
Rxd5 Rxd5 16. Qxd5 Nc5 17. Rd1 Ne7 18. Qxf7+ Rxf7 19.
Rd8# 1-0

[Event "*** SCC Grand Prix: Titled Tuesday Blitz"]
[Site "Chess.com"]
[Date "2020.07.14"]
[Round "8"]
[White "Semen_Khanin"]
[Black "Zablotsky"]
[Result "0-1"]
[WhiteElo "2748"]
[BlackElo "2608"]
[TimeControl "180+1"]
[EndTime "11:34:31 PDT"]
[Termination "Zablotsky won by resignation"]

1. e4 d5 2. exd5 Qxd5 3. Nc3 Qa5 4. d4 Nf6 5. Nf3 c6 6. Bc4 Bf5 7. O-O e6 8. Re1 Nbd7 9. h3 Bb4 10. Bd2 O-O 11. a3 Bxc3 12. Bxc3 Qc7 13. Bd2 Rad8 14. c3 Rfe8 15. Qe2 Ne4 16. Be3 Nef6 17. Rad1 h6 18. a4 a6 19. Bc1 Be4 20. Ne5 Nxe5 21. dxe5 Rxd1 22. Rxd1 Qxe5 23. f3 b5 24. axb5 axb5 25.
Bb3 Qh5 26. g4 Qxh3 27. fxe4 Nxg4 28. Bf4 Nf6 29. Rd3 Qh4 30. Rf3 Qg4+ 31. Kf1 Ra8 32. Ke1 Qg1+ 33. Kd2 Qb1 34. Ke3 c5 35. Bc2 Qxb2 36. e5 Nd5+ 37. Kf2 Ra2 38. Bd3 Nxf4 39. Rxf4 Qb3 0-1

[Event "*** SCC Grand Prix: Titled Tuesday Blitz"]
[Site "Chess.com"]
[Date "2020.07.14"]
[Round "8"]
[White "antoszu"]
[Black "Tash_Boy"]
[Result "0-1"]
[WhiteElo "2535"]
[BlackElo "2675"]
[TimeControl "180+1"]
[EndTime "11:34:33 PDT"]
[Termination "Tash_Boy won by resignation"]

1. d4 Nf6 2. c4 g6 3. Nc3 Bg7 4. e4 d6 5. Be2 O-O 6. Bg5 c5 7.
d5 h6 8. Be3 e6 9. Qd2 exd5 10.
exd5 Kh7 11. h4 h5 12. Bg5 Re8 13. Nf3 Bf5 14. O-O-O Nbd7 15. Nh2 Qa5 16. f3 b5 17. cxb5 a6 18. bxa6 Rab8 19. Bd3 Nxd5 20. Nxd5 Qxa2 21. Nc3 Qa1+ 22. Bb1 Bxc3 23. Qxc3 Qxb1+ 24. Kd2 Rxb2+ 0-1

[Event "*** SCC Grand Prix: Titled Tuesday Blitz"]
[Site "Chess.com"]
[Date "2020.07.14"]
[Round "8"]
[White "MateSchmate"]
[Black "KyrgyzFighter"]
[Result "0-1"]
[WhiteElo "2396"]
[BlackElo "2291"]
[TimeControl "180+1"]
[EndTime "11:34:36 PDT"]
[Termination "KyrgyzFighter won by resignation"]

1. e4 d6 2. Nf3 e5 3. d4 Nd7 4. Nc3 Ngf6 5. Bc4 Be7 6. h3 O-O 7. Be3 c6 8. a4 a5 9. Qd2 exd4 10. Nxd4 Ne5 11. Be2 d5 12. exd5 Nxd5 13. Nxd5 Qxd5 14.
Nf3 Nxf3+ 15. Bxf3 Qe5 16. O-O-O Bf5 17. Rhe1 Qe6 18. Kb1 Qb3 19. Bd4 Bb4 20. Bc3 Qxa4 21. Re7 Bxe7 0-1

[Event "*** SCC Grand Prix: Titled Tuesday Blitz"]
[Site "Chess.com"]
[Date "2020.07.14"]
[Round "8"]
[White "heyiampotato"]
[Black "Haapana"]
[Result "0-1"]
[WhiteElo "2502"]
[BlackElo "2353"]
[TimeControl "180+1"]
[EndTime "11:34:37 PDT"]
[Termination "Haapana won by resignation"]

1. d4 d5 2. c4 e6 3. Nc3 c5 4. cxd5 exd5 5. Nf3 Nc6 6. g3 Nf6 7. Bg2 Be7 8. O-O O-O 9. a3 c4 10. Ne5 Be6 11. f4 g6 12. Kh1 Qc8 13. f5 Bxf5 14.
Nxd5 Nxd5 15. Bxd5 Nxe5 16. dxe5 Rd8 17. Rf3 Qc5 18.
e4 Bxe4 19. Bxf7+ Kg7 20. Qe2 Qc6 21. Qe3 Bxf3+ 22. Kg1 Bc5 0-1

[Event "*** SCC Grand Prix: Titled Tuesday Blitz"]
[Site "Chess.com"]
[Date "2020.07.14"]
[Round "8"]
[White "UKR_Master"]
[Black "TST2014"]
[Result "0-1"]
[WhiteElo "2325"]
[BlackElo "2487"]
[TimeControl "180+1"]
[EndTime "11:34:43 PDT"]
[Termination "TST2014 won by resignation"]

1. e4 c5 2. Nf3 Nc6 3. Bb5 g6 4. Bxc6 dxc6 5. d3 Bg7 6. Nc3 Nf6 7. Be3 b6 8. h3 Nd7 9. Qd2 h6 10. g4 e5 11. Ng1 Nf8 12. O-O-O Ne6 13. Nce2 a5 14.
f4 exf4 15. Nxf4 a4 16. a3 Nxf4 17. Bxf4 h5 18. Nf3 hxg4 19. hxg4 Bxg4 20. Rxh8+ Bxh8 21. Rh1 Bg7 22. Ne5 Be6 23. Qf2 Qf6 24. Qg3 g5 25. Ng4 Qxf4+ 26. Qxf4 gxf4 0-1

[Event "*** SCC Grand Prix: Titled Tuesday Blitz"]
[Site "Chess.com"]
[Date "2020.07.14"]
[Round "8"]
[White "TimofeevAr"]
[Black "gena217"]
[Result "1-0"]
[WhiteElo "2808"]
[BlackElo "2907"]
[TimeControl "180+1"]
[EndTime "11:34:44 PDT"]
[Termination "TimofeevAr won by resignation"]

1. c4 e6 2. Nf3 d5 3. e3 Nf6 4. b3 c5 5. Bb2 Nc6 6. cxd5 exd5 7. Bb5 Bd6 8. O-O O-O 9. d4 cxd4 10. Nxd4 Bc7 11.
Be2 Qd6 12. g3 Bb6 13. Nxc6 bxc6 14. Nd2 Re8 15. Nf3 Bh3 16. Re1 Ne4 17. Qc1 Rac8 18. Bf1 Qh6 19. Qc2 Nxf2 20. Qxf2 Rxe3 21. Nd4 Re4 22.
Rxe4 dxe4 23. Bc1 Qd6 24. Be3 Bd7 25. Bc4 Rf8 26. Rf1 Qg6 27. Ne2 1-0

[Event "*** SCC Grand Prix: Titled Tuesday Blitz"]
[Site "Chess.com"]
[Date "2020.07.14"]
[Round "8"]
[White "Boudicca64"]
[Black "mr65"]
[Result "0-1"]
[WhiteElo "1792"]
[BlackElo "2088"]
[TimeControl "180+1"]
[EndTime "11:34:45 PDT"]
[Termination "mr65 won by resignation"]

1. e4 e5 2. d4 exd4 3. Qxd4 Nc6 4. Qe3 Bb4+ 5. Nc3 Bxc3+ 6. Qxc3 Qf6 7. Bd2 Qxc3 8. Bxc3 f6 9. Bc4 Nge7 10. O-O-O d6 11. f4 Bg4 12. Nf3 O-O-O 13. h3 Bxf3 14. gxf3 Ng6 15. f5 Nge5 16. Be2 g5 17. fxg6 hxg6 18.
f4 Nd7 19. Bg4 Rhf8 20. h4 Kb8 21. h5 gxh5 22. Rxh5 Nc5 23. Bf3 Rde8 24. Re1 Ne6 25. Bd2 Ned4 26. Bd1 a5 27. c3 Ne6 28. Ba4 Nc5 29.
Bxc6 bxc6 30. e5 Nd3+ 31. Kd1 Nxe1 0-1

[Event "*** SCC Grand Prix: Titled Tuesday Blitz"]
[Site "Chess.com"]
[Date "2020.07.14"]
[Round "8"]
[White "Izoria123"]
[Black "tdf98pantani"]
[Result "1-0"]
[WhiteElo "2888"]
[BlackElo "2679"]
[TimeControl "180+1"]
[EndTime "11:34:48 PDT"]
[Termination "Izoria123 won by resignation"]

1. Nf3 Nf6 2. c4 c6 3. g3 b5 4. Bg2 bxc4 5. O-O d5 6. b3 cxb3 7. axb3 e6 8. Qc2 c5 9. Ba3 Nbd7 10. d4 cxd4 11. Bxf8 Nxf8 12. Nxd4 Bd7 13. Nc3 Ng6 14. e4 dxe4 15. Nxe4 Nxe4 16. Qxe4 Rb8 17. Nc6 Bxc6 18. Qxc6+ Kf8 19. Rxa7 Kg8 20. Rfa1 h5 21. h4 Qf6 22. R1a5 Rf8 23. Rb7 Ne5 24. Qc5 Ng6 25. Raa7 Kh7 26. Qxh5+ Kg8 27. Qc5 Kh7 28. Be4 Kh6 29. Qc1+ Kh5 30.
Ra5+ e5 1-0